 Dungeon Crawl Stone Soup version 0.23-a0-642-g3120c2f5a9 (webtiles) character file.

54 HereIgoKillingAgain the Ruffian (level 3, -4/31 HPs)
             Began as a Naga Transmuter on Dec 31, 2018.
             Slain by a gnoll
             ... wielding a +0 flail
              (9 damage)
             ... on level 2 of the Dungeon.
             The game lasted 00:01:26 (1122 turns).

HereIgoKillingAgain the Ruffian (Naga Transmuter)   Turns: 1122, Time: 00:01:27

Health: -4/31      AC:  6    Str: 12    XL:     3   Next: 91%
Magic:  0/6        EV:  7    Int: 14    God:
Gold:   47         SH:  0    Dex: 11    Spells: 3/6 levels left

rFire    . . .     SeeInvis +   c - +1 dagger (flame)
rCold    . . .     Gourm    .   (no shield)
rNeg     . . .     Faith    .   i - +0 scale mail (curse)
rPois    +         Spirit   .   (no helmet)
rElec    .         Reflect  .   (no cloak)
rCorr    .         Harm     .   g - +1 pair of gloves
MR       .....                  (no barding)
Stlth    ..........             (no amulet)
HPRegen  0.10/turn              (no ring)
MPRegen  0.10/turn              (no ring)

@: lethally poisoned (-4 -> -10), very slightly contaminated, very slow
A: large, see invisible, deformed body, poison resistance, slowness 2, slow
metabolism 1, spit poison 1, AC +1
a: Spit Poison


You were on level 2 of the Dungeon.
You were hungry.

You visited 1 branch of the dungeon, and saw 2 of its levels.

You collected 47 gold pieces.

Inventory:

Hand Weapons
 c - a +1 dagger of flaming (weapon)
Missiles
 a - 7 arrows
Armour
 b - a +0 robe
 g - a +1 pair of gloves (worn)
 i - a cursed +0 scale mail (worn)
Scrolls
 j - a scroll of magic mapping {unknown}
Potions
 e - a potion of haste {unknown}
 h - a potion of mutation {unknown}
Comestibles
 d - 5 rations


   Skills:
 - Level 1.0 Fighting
 - Level 1.5 Dodging
 + Level 3.6 Unarmed Combat
 - Level 2.0 Spellcasting
 * Level 3.5 Transmutations


You had 3 spell levels left.
You knew the following spells:

 Your Spells              Type           Power        Failure   Level  Hunger
a - Beastly Appendage     Tmut           ##....       30%         1    ##.....
b - Sticks to Snakes      Tmut           ##......     43%         2    ###....

Your spell library contained the following spells:

 Spells                   Type           Power        Failure   Level  Hunger
 Spider Form              Tmut/Pois      #.........   88%         3    ####...
 Ice Form                 Ice/Tmut       #.......     99%         4    #####..
 Blade Hands              Tmut           ##........   100%        5    ######.


Dungeon Overview and Level Annotations

Branches:
Dungeon (2/15)

Altars:


Innate Abilities, Weirdness & Mutations

You cannot wear boots.
Your serpentine skin is tough. (AC +1)
You have supernaturally acute eyesight. (SInv)
Armour fits poorly on your strangely shaped body.
Your system is resistant to poisons. (rPois)
You cover ground very slowly.
You have a slow metabolism.
You can spit poison.


Message History

Confirm with . or Enter, or press ? or * to list all spells.
You miscast Sticks to Snakes.
Nothing appears to happen.
You feel sick. The gnoll hits you with a +0 flail.
* * * LOW HITPOINT WARNING * * *
The adder bites you but does no damage.
Unknown command.
The adder bites you.
* * * LOW HITPOINT WARNING * * *
You are lethally poisoned!
The adder poisons you!
* * * LOW HITPOINT WARNING * * *
You feel sick. The adder barely misses you.
You hit the adder. You burn the adder.
You kill the adder!
* * * LOW HITPOINT WARNING * * *
You feel sick.
You hit the gnoll. You burn the gnoll.
The gnoll is heavily wounded.
The gnoll hits you with a +0 flail!
You die...

#.###.#!.###..##
.......).....>.#
#.###.##.....(#
........###..#
.###.##.###...
#...........
.##.###g######....
.......g..# ##
.######@###
.######.#####
............#
.#####......#
#..<...# ########


You could see 2 gnolls.

Vanquished Creatures
  2 gnolls (D:1)
  An adder (D:2)
  A leopard gecko (D:1)
  2 goblins (D:1)
  3 hobgoblins (D:1)
  4 bats (D:1)
  A frilled lizard (D:1)
  5 kobolds (D:1)
  A rat (D:1)
20 creatures vanquished.

Vanquished Creatures (collateral kills)
  A gnoll (D:2)
  A bat (D:1)
  A hobgoblin (D:1)
  A kobold (D:1)
4 creatures vanquished.

Grand Total: 24 creatures vanquished

Notes
Turn   | Place    | Note
-------+----------+-------------------------------------------
     0 | D:1      | HereIgoKillingAgain the Naga Transmuter began the quest for
                  | the Orb.
     0 | D:1      | Reached XP level 1. HP: 18/18 MP: 3/3
    82 | D:1      | Reached XP level 2. HP: 22/25 MP: 5/5
   537 | D:1      | Learned a level 2 spell: Sticks to Snakes
   623 | D:1      | Reached XP level 3. HP: 29/31 MP: 6/6
  1115 | D:2      | HP: 1/31 [gnoll/+0 flail (9)]
  1122 | D:2      | Slain by a gnoll

Vault maps used:
D:1:      eino_arrival_water_star
D:2:      marbit_many_paths, first_ration, uniq_robin, uniq_sigmund

Skill      XL: |  1  2 |
---------------+-------+-----
Transmutations | 3 |  3.5
Fighting       | |  1.0
Dodging        | |  1.5
Unarmed Combat | |  3.6
Spellcasting   | |  2.0

Action                   || total
-------------------------++-------
Melee: Unarmed           ||    12
       Dagger            ||    79
 Cast: Sticks to Snakes  ||     5
 Abil: Spit Poison       ||     1
  Use: Potion            ||     2
 Stab: Distracted        ||     1
       Sleeping          ||     1
Armor: Robe              ||    24
       Scale mail        ||    15
Dodge: Dodged            ||    49

Table legend:
 A = Non-vault XP
 B = Vault XP
 C = Vault XP percentage of total XP
 D = Non-vault monster count
 E = Vault monster count
 F = Vault count percentage of total count
                 A         B        C        D         E       F
            +---------+---------+-------+---------+---------+-------
      Total |      78 |       0 |   0.0 |      24 |       0 |   0.0
            +---------+---------+-------+---------+---------+-------
        D:1 |      58 |       0 |   0.0 |      22 |       0 |   0.0
        D:2 |      20 |       0 |   0.0 |       2 |       0 |   0.0
            +---------+---------+-------+---------+---------+-------
